[Event "Sunday 01 April Rapid Engine Tour 12+1 Rounds 9 Starts 1600ST"]
[Site "Infinity Chess"]
[Date "2018.4.1"]
[Round "1"]
[White "CoffeeOne"]
[Black "ocirema"]
[Result "1/2-1/2"]
[ECO "C42"]
[WhiteElo "2495"]
[BlackElo "2430"]
[WhiteEngine "Houdini 6"]
[BlackEngine "asmFishW_2018-03-23_popcnt"]
[EventType "Swiss"]
[WhiteTeam ""]
[BlackTeam ""]
[PlyCount "145"]
[TimeControl "720+1"]

1. e4 e5 2. Nf3 Nf6 3. Nxe5 d6 4. Nf3 Nxe4 5. d4 d5 6. Bd3 Nc6 7. O-O Be7 
8. Nbd2 Nd6 9. c3 Bf5 10. Be2 O-O 11. Re1 a5 12. Nf1 a4 13. Bf4 Ne4 14. Ne3 Be6 
15. Nd2 f5 16. Nxe4 fxe4 17. Bg4 Bf7 18. f3 Bg5 19. Bxg5 Qxg5 20. fxe4 dxe4 
21. Qc2 Bg6 22. Be6+ Kh8 23. Qe2 Bh5 24. Bg4 Bf7 25. Bd7 Rad8 26. Qg4 Qb5 
27. Nf5 Bg6 28. Ne7 Bf7 29. b3 axb3 30. Bxc6 bxc6 31. axb3 Qxb3 32. Nxc6 Rde8 
33. Ne5 Qxc3 34. Qxe4 Bg8 35. Rac1 Qb2 36. Qe3 Bd5 37. Re2 Qb7 38. h3 c6 
39. Kh2 Qc7 40. Qg3 Kg8 41. Re3 Re6 42. Ra3 Qb7 43. Rca1 Re7 44. Qg4 Qb8 
45. Rg3 Qb4 46. h4 Qd6 47. Qg5 Rc7 48. h5 Rb7 49. Ra6 Kh8 50. h6 gxh6 
51. Qh4 Re7 52. Rg6 Re6 53. Rg4 Re7 54. Rg3 Rb7 55. Ra1 Re7 56. Qg4 Rb7 
57. Rf1 Rg8 58. Qf4 Rxg3 59. Qxg3 Qd8 60. Qf4 Rg7 61. g3 Rg5 62. Nf7+ Bxf7 
63. Qxf7 Qxd4 64. Qe8+ Rg8 65. Qxc6 h5 66. Rf4 Qb2+ 67. Qg2 Qxg2+ 68. Kxg2 Kg7 
69. g4 Kg6 70. gxh5+ Kxh5+ 71. Kh3 Rg1 72. Rh4+ Kg5 73. Kh2 1/2-1/2

[Event "Sunday 01 April Rapid Engine Tour 12+1 Rounds 9 Starts 1600ST"]
[Site "Infinity Chess"]
[Date "2018.4.1"]
[Round "1"]
[White "Prometheus"]
[Black "SkyPilot"]
[Result "1/2-1/2"]
[ECO "C55"]
[WhiteElo "2434"]
[BlackElo "2500"]
[WhiteEngine "Eman 1.70-beta11 64-bit BMI2"]
[BlackEngine "stockfish_x64_bmi2_2018_03_26_CTG"]
[EventType "Swiss"]
[WhiteTeam ""]
[BlackTeam ""]
[PlyCount "116"]
[TimeControl "720+1"]

1. e4 e5 2. Nf3 Nc6 3. Bc4 Nf6 4. d3 Bc5 5. O-O d6 6. c3 O-O 7. h3 a5 8. Nbd2 h6 
9. Re1 Be6 10. a4 Ba7 11. b3 d5 12. exd5 Nxd5 13. Ne4 Bb6 14. Bd2 f5 15. Ng3 Qd6 
16. Qc2 Rad8 17. Bc1 Bc5 18. Re2 Kh8 19. Bd2 Ba7 20. Rae1 f4 21. Nf1 Bf5 
22. Bc1 Nb6 23. Bb5 Bxd3 24. Bxd3 Qxd3 25. Qxd3 Rxd3 26. Nxe5 Nxe5 27. Rxe5 Nd7 
28. Re8 g5 29. R8e2 Rf5 30. b4 axb4 31. cxb4 Bd4 32. Nh2 Kg8 33. Bb2 Bxb2 
34. Rxb2 Re5 35. Rc1 Red5 36. Kf1 c6 37. b5 cxb5 38. Rxb5 Rxb5 39. axb5 Rd5 
40. Rc7 b6 41. Ng4 Kf7 42. Nxh6+ Ke7 43. g4 fxg3 44. fxg3 Rxb5 45. Rc6 Rb1+ 
46. Kf2 Rb5 47. Ke3 Rb3+ 48. Kd4 Nf6 49. Kc4 Rf3 50. Rxb6 Kd7 51. g4 Kc7 
52. Rb3 Rxb3 53. Kxb3 Kd6 54. Nf5+ Kc5 55. Kc2 Ne4 56. h4 gxh4 57. Nxh4 Kd4 
58. g5 Nxg5 1/2-1/2

[Event "Sunday 01 April Rapid Engine Tour 12+1 Rounds 9 Starts 1600ST"]
[Site "Infinity Chess"]
[Date "2018.4.1"]
[Round "1"]
[White "Brtroy"]
[Black "KhalidOmar"]
[Result "1/2-1/2"]
[ECO "B90"]
[WhiteElo "2502"]
[BlackElo "2443"]
[WhiteEngine "BrainFish_180329_x64_bmi2_CTG"]
[BlackEngine "Eman 1.70-beta12 64-bit BMI2"]
[EventType "Swiss"]
[WhiteTeam ""]
[BlackTeam ""]
[PlyCount "127"]
[TimeControl "720+1"]

1. e4 c5 2. Nf3 d6 3. d4 cxd4 4. Nxd4 Nf6 5. Nc3 a6 6. Be3 e5 7. Nb3 Be6 
8. f3 Be7 9. Qd2 Nbd7 10. g4 O-O 11. O-O-O b5 12. g5 Nh5 13. Nd5 Bxd5 
14. exd5 f6 15. gxf6 Bxf6 16. Na5 Qe8 17. Bh3 Nf4 18. Bxf4 exf4 19. Rhe1 Ne5 
20. Re4 Kh8 21. Qe2 Qg6 22. Be6 Bd8 23. Nc6 Nc4 24. Kb1 Bb6 25. a4 Qg5 
26. c3 Rf6 27. Re1 Qh5 28. Ka2 Rff8 29. Rh1 Bc5 30. a5 Ne3 31. Kb1 Nxd5 
32. Bxd5 Qxd5 33. Nd4 Bxd4 34. Rxd4 Qf5+ 35. Qc2 Qh5 36. Qd3 Rae8 37. Rxd6 Re3 
38. Rd8 Rg8 39. Rxg8+ Kxg8 40. Qd8+ Re8 41. Qd3 Re3 42. Qd8+ Re8 43. Qd3 Qf7 
44. Rd1 h6 45. Qd6 Qf5+ 46. Ka2 Re6 47. Qd7 Qf7 48. Qxf7+ Kxf7 49. Rd7+ Kf6 
50. Kb3 g5 51. h3 Rc6 52. Ra7 Ke5 53. Re7+ Re6 54. Rxe6+ Kxe6 55. c4 bxc4+ 
56. Kxc4 h5 57. Kd4 Kf5 58. b4 g4 59. fxg4+ hxg4 60. hxg4+ Kxg4 61. b5 f3 
62. bxa6 f2 63. a7 f1=Q 64. a8=Q 1/2-1/2

[Event "Sunday 01 April Rapid Engine Tour 12+1 Rounds 9 Starts 1600ST"]
[Site "Infinity Chess"]
[Date "2018.4.1"]
[Round "1"]
[White "KULLANI"]
[Black "MCDermont"]
[Result "1/2-1/2"]
[ECO "E10"]
[WhiteElo "2444"]
[BlackElo "2518"]
[WhiteEngine "BrainFish_180329_x64"]
[BlackEngine "BrainFish 290318_CTG"]
[EventType "Swiss"]
[WhiteTeam ""]
[BlackTeam ""]
[PlyCount "76"]
[TimeControl "720+1"]

1. d4 Nf6 2. c4 e6 3. Nf3 d5 4. Nc3 c6 5. e3 Nbd7 6. Bd3 dxc4 7. Bxc4 b5 
8. Be2 Bb7 9. O-O a6 10. e4 c5 11. e5 Nd5 12. a4 b4 13. Nxd5 Bxd5 14. Be3 Be7 
15. Rc1 Qa5 16. Bc4 Bxc4 17. Rxc4 Nb6 18. Rc1 Qxa4 19. b3 Qd7 20. dxc5 Qxd1 
21. Rfxd1 Nd5 22. Rc4 a5 23. g3 Kd7 24. Bg5 Kc7 25. Bxe7 Nxe7 26. Rd6 Nf5 
27. Nd4 Nxd6 28. cxd6+ Kb6 29. Rc6+ Kb7 30. Rc7+ Kb6 31. Rxf7 a4 32. bxa4 Ra5 
33. Rc7 Rxe5 34. a5+ Rxa5 35. Rc6+ Kb7 36. Rc7+ Kb6 37. Rc6+ Kb7 38. Rc7+ Kb6 
1/2-1/2

[Event "Sunday 01 April Rapid Engine Tour 12+1 Rounds 9 Starts 1600ST"]
[Site "Infinity Chess"]
[Date "2018.4.1"]
[Round "1"]
[White "Eman"]
[Black "Mr Aj"]
[Result "1/2-1/2"]
[ECO "B92"]
[WhiteElo "2519"]
[BlackElo "2454"]
[WhiteEngine "Eman 1.70-beta11 64-bit POPCNT"]
[BlackEngine "Houdini 6"]
[EventType "Swiss"]
[WhiteTeam ""]
[BlackTeam ""]
[PlyCount "101"]
[TimeControl "720+1"]

1. e4 c5 2. Nf3 d6 3. d4 cxd4 4. Nxd4 Nf6 5. Nc3 a6 6. Be2 e5 7. Nb3 Be7 
8. O-O O-O 9. Qd3 Be6 10. Nd5 Nxd5 11. exd5 Bc8 12. a4 f5 13. a5 f4 14. Bf3 Bf5 
15. Be4 Bxe4 16. Qxe4 Nd7 17. Nd2 Qe8 18. c4 Qh5 19. b4 g5 20. h3 Nf6 
21. Qf5 Qe2 22. Rb1 Rf7 23. b5 Nxd5 24. Qe4 Qxe4 25. Nxe4 Nf6 26. Nxg5 Rg7 
27. Ne6 Rg6 28. bxa6 bxa6 29. Nc7 Ra7 30. Nd5 Nxd5 31. cxd5 h5 32. Ba3 Bh4 
33. Kh1 Rag7 34. Rbc1 Rxg2 35. Bxd6 Rxf2 36. Rxf2 Bxf2 37. Bxe5 Rg5 
38. Bxf4 Rxd5 39. Kg2 Rf5 40. Kxf2 Rxf4+ 41. Ke1 Rf5 42. Rc2 Rxa5 43. Kd2 Kf7 
44. Rc6 h4 45. Ke2 Ra1 46. Kf2 a5 47. Rc4 a4 48. Rxh4 a3 49. Rh7+ Ke6 50. Ra7 a2 
51. Ra6+ 1/2-1/2

[Event "Sunday 01 April Rapid Engine Tour 12+1 Rounds 9 Starts 1600ST"]
[Site "Infinity Chess"]
[Date "2018.4.1"]
[Round "1"]
[White "RonWeasley"]
[Black "Susanne"]
[Result "1/2-1/2"]
[ECO "E32"]
[WhiteElo "2457"]
[BlackElo "2538"]
[WhiteEngine "BrainFish 290318_CTG"]
[BlackEngine "stockfish_jvv01_x64_bmi2_CTG"]
[EventType "Swiss"]
[WhiteTeam ""]
[BlackTeam ""]
[PlyCount "78"]
[TimeControl "720+1"]

1. d4 Nf6 2. c4 e6 3. Nc3 Bb4 4. Qc2 O-O 5. e4 d5 6. e5 Ne4 7. Bd3 c5 
8. Nf3 cxd4 9. Nxd4 Nd7 10. Bf4 Qh4 11. g3 Qh3 12. O-O-O Bxc3 13. bxc3 Nb6 
14. f3 Nc5 15. Bf1 Qh5 16. h4 Bd7 17. g4 Qg6 18. Qd2 f6 19. h5 Qe8 20. exf6 Nxc4 
21. Bxc4 dxc4 22. Qe3 Rxf6 23. Be5 Nd3+ 24. Rxd3 cxd3 25. Bxf6 gxf6 26. g5 Qe7 
27. f4 Rf8 28. Rg1 Kh8 29. Kd2 fxg5 30. Qe5+ Qg7 31. Rxg5 Qxe5 32. Rxe5 Rxf4 
33. Nxe6 Rf6 34. Nc5 Bg4 35. Nxb7 Rh6 36. c4 Rxh5 37. Rxh5 Bxh5 38. c5 Be8 
39. Kxd3 Kg8 1/2-1/2

[Event "Sunday 01 April Rapid Engine Tour 12+1 Rounds 9 Starts 1600ST"]
[Site "Infinity Chess"]
[Date "2018.4.1"]
[Round "1"]
[White "xeonrocks"]
[Black "MGR"]
[Result "1/2-1/2"]
[ECO "C50"]
[WhiteElo "2559"]
[BlackElo "2460"]
[WhiteEngine "Stockfish_x64_bmi2_CTG"]
[BlackEngine "asmFishW_2018-02-19_bmi2"]
[EventType "Swiss"]
[WhiteTeam ""]
[BlackTeam ""]
[PlyCount "151"]
[TimeControl "720+1"]

1. e4 e5 2. Nf3 Nc6 3. Bc4 Bc5 4. d3 Nf6 5. O-O d6 6. c3 a5 7. Re1 O-O 
8. Nbd2 Be6 9. Bb5 Ba7 10. Nf1 Ne7 11. d4 exd4 12. Nxd4 Ng6 13. Ba4 h6 
14. Be3 Bc8 15. Bc2 Re8 16. h3 Nxe4 17. Bxh6 Nxf2 18. Qd2 gxh6 19. Rxe8+ Qxe8 
20. Qxf2 Bd7 21. Ne3 Qe5 22. Rf1 Be6 23. Ng4 Qg5 24. Nf6+ Kh8 25. Bxg6 Qxg6 
26. Kh1 Rf8 27. Qh4 d5 28. Nh5 Re8 29. Nf6 Rf8 30. Qf2 c6 31. Qe3 Bb8 
32. Kg1 Bc7 33. Rf3 a4 34. a3 Bd8 35. Nxe6 fxe6 36. Nxd5 Qb1+ 37. Kh2 Rxf3 
38. Qxf3 Qf5 39. Qxf5 exf5 40. Nf4 Kg8 41. Kg3 Kf7 42. Kf3 Kf6 43. Ke3 Ke5 
44. Ng6+ Kd5 45. Kd3 Bc7 46. Nh4 Ke6 47. Nf3 Bd8 48. g3 Bc7 49. g4 Be5 
50. Kc4 fxg4 51. hxg4 Bd6 52. Kd4 Be7 53. Kc4 Kd6 54. Kd4 c5+ 55. Ke4 Ke6 
56. Kd3 Kd6 57. Kc4 Bd8 58. Kd3 b5 59. Ke4 Bf6 60. Kf5 Be7 61. Ke4 Bd8 
62. Ne5 Bg5 63. Nf7+ Ke6 64. Nxg5+ hxg5 65. Kd3 Ke5 66. Ke3 Kd5 67. Kd3 c4+ 
68. Ke3 Ke5 69. Kf3 Kd5 70. Ke3 Ke5 71. Kf3 Kd6 72. Ke4 Ke6 73. Kd4 Kd6 
74. Ke4 Ke6 75. Kd4 Kd6 76. Ke4 1/2-1/2

[Event "Sunday 15 April Rapid Engine Tour, 9 Rd. 12+1, starts 16.00 ST"]
[Site "Infinity Chess"]
[Date "2018.4.15"]
[Round "9"]
[White "Marsell"]
[Black "ivrdurant"]
[Result "1-0"]
[ECO "C55"]
[WhiteElo "2460"]
[BlackElo "2382"]
[WhiteEngine "BrainFish_180408_x64_bmi2"]
[BlackEngine "Raubfisch X38b_CTG"]
[EventType "Swiss"]
[WhiteTeam ""]
[BlackTeam ""]
[PlyCount "205"]
[TimeControl "720+1"]

1. e4 e5 2. Nf3 Nc6 3. Bc4 Nf6 4. d3 Bc5 5. c3 d6 6. O-O a5 7. Bg5 Ba7 
8. Nbd2 h6 9. Bh4 g5 10. Bg3 O-O 11. a3 Nh7 12. b4 Ne7 13. d4 g4 14. Nh4 exd4 
15. b5 Nf6 16. Qc1 Nh5 17. Nb3 Kh7 18. Nxd4 Ng6 19. Nhf5 Qg5 20. Qd1 Bd7 
21. Bd5 Rab8 22. Kh1 Bxd4 23. Nxd4 b6 24. Qb3 Rbe8 25. Bxf7 Rxe4 26. Qc4 Qc5 
27. Qd3 Bf5 28. Bb3 Re7 29. Qd2 Rfe8 30. Rae1 Rxe1 31. Rxe1 Rxe1+ 32. Qxe1 Bd7 
33. a4 Qg5 34. Kg1 Kh8 35. Qd1 Nf6 36. f3 Nh5 37. Bf2 Nhf4 38. Kf1 Qh5 
39. fxg4 Qxg4 40. Qxg4 Bxg4 41. h3 Bd7 42. Bc2 Kg7 43. Nf5+ Bxf5 44. Bxf5 Kf6 
45. Bc2 Nd5 46. Bd4+ Ne5 47. Bb3 Nf4 48. Be3 Neg6 49. Bc2 Kg7 50. Kf2 Nd5 
51. Bd4+ Ne5 52. c4 Nb4 53. Bxe5+ dxe5 54. Be4 h5 55. h4 Kf7 56. Kf3 Na2 
57. Ke3 Kf6 58. Bc2 Nc3 59. Kd2 Na2 60. Bd1 Kg6 61. Bb3 Nb4 62. Ke3 Kf5 
63. Bd1 Na2 64. Bxh5 Nc3 65. g4+ Kf6 66. g5+ Kg7 67. Bf3 Nxa4 68. Ke4 Nc5+ 
69. Kxe5 a4 70. Kd4 a3 71. Kc3 Kg6 72. Kc2 Ne6 73. Kb1 Kf5 74. Ka2 Ke5 
75. Bg4 Nd8 76. Kxa3 Nf7 77. Kb4 Nd8 78. h5 Nf7 79. g6 Nh6 80. Be2 Ke6 
81. Bd3 Kf6 82. Kc3 Ke6 83. Kd4 Ng4 84. Bc2 Nh6 85. Be4 Ng4 86. Bd5+ Kf6 
87. Bf3 Nh6 88. Kd5 Nf5 89. Kc6 Nd4+ 90. Kxc7 Nb3 91. Kxb6 Nd2 92. Be2 Ke5 
93. g7 Kf4 94. g8=Q Ne4 95. Qg4+ Ke5 96. h6 Nf6 97. Qg5+ Kd4 98. Qxf6+ Ke4 
99. h7 Ke3 100. h8=Q Kxe2 101. Qh2+ Ke3 102. Qfe5+ Kf3 103. Qhe2# 1-0

[Event "Sunday 15 April Rapid Engine Tour, 9 Rd. 12+1, starts 16.00 ST"]
[Site "Infinity Chess"]
[Date "2018.4.15"]
[Round "9"]
[White "Time_bandit"]
[Black "angriff"]
[Result "1/2-1/2"]
[ECO "C77"]
[WhiteElo "2468"]
[BlackElo "2361"]
[WhiteEngine "asmFishW_2018-02-02_popcnt"]
[BlackEngine "DracoREX 3.07 64BIT POPCNT_CTG"]
[EventType "Swiss"]
[WhiteTeam ""]
[BlackTeam ""]
[PlyCount "58"]
[TimeControl "720+1"]

1. e4 e5 2. Nf3 Nc6 3. Bb5 a6 4. Ba4 Nf6 5. O-O Be7 6. Re1 b5 7. Bb3 O-O 
8. c3 d5 9. exd5 Nxd5 10. Nxe5 Nxe5 11. Rxe5 c6 12. d4 Bd6 13. Re1 Qh4 
14. g3 Qh3 15. Be3 Bg4 16. Qd3 Rae8 17. Nd2 Re6 18. a4 Qh5 19. axb5 axb5 
20. Nf1 Bf5 21. Qd2 Bh3 22. Bd1 Qg6 23. Bf3 Qf5 24. Qd1 h5 25. Ra6 Bb8 
26. Be2 Qe4 27. Bf3 Qf5 28. Be2 Qe4 29. Bf3 Qf5 1/2-1/2

[Event "Sunday 15 April Rapid Engine Tour, 9 Rd. 12+1, starts 16.00 ST"]
[Site "Infinity Chess"]
[Date "2018.4.15"]
[Round "9"]
[White "Murx"]
[Black "star99"]
[Result "1-0"]
[ECO "B32"]
[WhiteElo "2509"]
[BlackElo "2420"]
[WhiteEngine "asmFishW_2018-04-07_popcnt"]
[BlackEngine "Cryptic Heroes 9.4B"]
[EventType "Swiss"]
[WhiteTeam ""]
[BlackTeam ""]
[PlyCount "185"]
[TimeControl "720+1"]

1. e4 c5 2. Nf3 Nc6 3. d4 cxd4 4. Nxd4 e5 5. Nb5 Nf6 6. f3 d6 7. c4 Be7 
8. Be3 O-O 9. N1c3 a6 10. Na3 Be6 11. Nc2 Qb8 12. Rb1 Bd8 13. Bf2 b5 
14. cxb5 Ne7 15. bxa6 Bb6 16. Bxb6 Qxb6 17. b4 d5 18. Na4 Qc7 19. Nc5 dxe4 
20. fxe4 Rfd8 21. Qf3 Nd7 22. Nxe6 Qxc2 23. Qd3 Qxd3 24. Bxd3 fxe6 25. Bc4 Nf6 
26. Bxe6+ Kh8 27. b5 Nxe4 28. Rc1 Rd6 29. Bc4 h5 30. a4 Nd5 31. Bxd5 Rxd5 
32. b6 Rd3 33. O-O Rxa6 34. Rf8+ Kh7 35. b7 Rb3 36. b8=Q Rxb8 37. Rxb8 Rxa4 
38. Rb5 Kh6 39. Rxe5 Rd4 40. Rc6+ Nf6 41. h3 Ra4 42. Kh2 Ra7 43. Rce6 Ra1 
44. Re7 Ra6 45. R5e6 Ra2 46. Rc7 Rd2 47. Ree7 g5 48. Rc6 Kg6 49. Ree6 Rf2 
50. Re3 Rf1 51. Rf3 Rxf3 52. gxf3 Kf5 53. h4 gxh4 54. Rc5+ Kf4 55. Kg2 h3+ 
56. Kxh3 Nd7 57. Rc7 Ne5 58. Kg2 Ng6 59. Rc4+ Ke5 60. Re4+ Kf5 61. Ra4 h4 
62. Ra5+ Kf4 63. Kf2 Nf8 64. Ra4+ Kg5 65. Kg2 Ng6 66. Ra5+ Kf4 67. Ra4+ Kf5 
68. Rg4 Kf6 69. f4 Nf8 70. Kf3 Ng6 71. Rg5 h3 72. Rh5 Nf8 73. f5 Ke5 74. Kg4 Nd7 
75. Rxh3 Kf6 76. Rh6+ Ke5 77. Re6+ Kd5 78. Kg5 Kc4 79. Rd6 Nc5 80. Rc6 Kd5 
81. Rxc5+ Kxc5 82. f6 Kd6 83. Kg6 Kc5 84. f7 Kb4 85. f8=Q+ Kc4 86. Kf6 Kb3 
87. Qc5 Kb2 88. Ke5 Kb3 89. Kd4 Kb2 90. Qb4+ Kc2 91. Ke3 Kc1 92. Kd3 Kd1 
93. Qb1# 1-0

[Event "Sunday 15 April Rapid Engine Tour, 9 Rd. 12+1, starts 16.00 ST"]
[Site "Infinity Chess"]
[Date "2018.4.15"]
[Round "9"]
[White "hafaba"]
[Black "KRAKEN"]
[Result "1/2-1/2"]
[ECO "D31"]
[WhiteElo "2455"]
[BlackElo "2524"]
[WhiteEngine "Eman 1.70-beta18x 64-bit POPCNT_CTG"]
[BlackEngine "Raubfisch X38b_CTG"]
[EventType "Swiss"]
[WhiteTeam ""]
[BlackTeam ""]
[PlyCount "100"]
[TimeControl "720+1"]

1. d4 d5 2. c4 e6 3. Nc3 c6 4. Nf3 Nf6 5. Bg5 h6 6. Bxf6 Qxf6 7. e3 Nd7 
8. Be2 g6 9. O-O Bg7 10. cxd5 exd5 11. b4 O-O 12. b5 Qd6 13. bxc6 bxc6 
14. Rc1 Nb6 15. Na4 Nxa4 16. Qxa4 Bd7 17. Ne1 Rfb8 18. Nd3 Bf8 19. Nc5 Be8 
20. Qc2 Rb6 21. Bd1 Qf6 22. Qc3 Kg7 23. Bb3 a5 24. Qd3 Rab8 25. Qc3 Ra8 
26. Qd3 Bxc5 27. Rxc5 a4 28. Bc2 Bd7 29. Qc3 Rb5 30. h3 Qg5 31. Kh2 Rab8 
32. Bxa4 Rb1 33. Rd1 Bf5 34. Qe1 R8b2 35. Bc2 Bxc2 36. Rxc2 Rxc2 37. Rxb1 Rxa2 
38. Ra1 Rxa1 39. Qxa1 h5 40. Qc1 Qf6 41. Kg1 h4 42. Qc3 Qf5 43. Qxc6 Qb1+ 
44. Kh2 Qa2 45. f3 Qf2 46. Qxd5 Qg3+ 47. Kg1 Qe1+ 48. Kh2 Qg3+ 49. Kg1 Qe1+ 
50. Kh2 Qg3+ 1/2-1/2

[Event "Sunday 15 April Rapid Engine Tour, 9 Rd. 12+1, starts 16.00 ST"]
[Site "Infinity Chess"]
[Date "2018.4.15"]
[Round "9"]
[White "Thinker"]
[Black "Susanne"]
[Result "1/2-1/2"]
[ECO "B32"]
[WhiteElo "2442"]
[BlackElo "2518"]
[WhiteEngine "BrainFish_180411_x64_modern_CTG"]
[BlackEngine "stockfish_jvv01_x64_bmi2_CTG"]
[EventType "Swiss"]
[WhiteTeam ""]
[BlackTeam ""]
[PlyCount "122"]
[TimeControl "720+1"]

1. e4 c5 2. Nf3 Nc6 3. d4 cxd4 4. Nxd4 e5 5. Nb5 d6 6. N1c3 a6 7. Na3 b5 
8. Nd5 Nf6 9. Bg5 Be7 10. Bxf6 Bxf6 11. c3 Rb8 12. Nc2 Bg5 13. a4 bxa4 
14. Ncb4 Nxb4 15. Nxb4 Bd7 16. Bxa6 Qa5 17. Qxd6 Rb6 18. Qd3 Be6 19. Bc4 Rxb4 
20. Bxe6 Rd4 21. Qf3 O-O 22. Bd5 Bd2+ 23. Ke2 Qa6+ 24. c4 Bb4 25. Rhd1 Rxd1 
26. Rxd1 Bc5 27. Rd2 g6 28. g4 Kg7 29. Kf1 Qa5 30. Rc2 Qc7 31. Kg2 h6 
32. Qg3 Rb8 33. h4 Qe7 34. g5 hxg5 35. Qxg5 Qf6 36. Qxf6+ Kxf6 37. Bc6 Rb4 
38. Kg3 Ke6 39. Kg4 Kd6 40. Be8 Ke7 41. Bc6 Ke6 42. Kg5 Kd6 43. Bd5 Ke7 
44. Kg4 Bd4 45. Bc6 Bxb2 46. Bxa4 Rxa4 47. Rxb2 Rxc4 48. Rb7+ Kf6 49. f3 Ke6 
50. Rb6+ Kd7 51. h5 gxh5+ 52. Kxh5 Ke7 53. Rb7+ Ke6 54. Rb6+ Kd7 55. Rb8 Rc1 
56. Kg5 Rf1 57. Rb7+ Ke6 58. Rb6+ Ke7 59. Rb7+ Ke6 60. Rb6+ Ke7 61. Rb7+ Ke6 
1/2-1/2

[Event "Sunday 15 April Rapid Engine Tour, 9 Rd. 12+1, starts 16.00 ST"]
[Site "Infinity Chess"]
[Date "2018.4.15"]
[Round "9"]
[White "RonWeasley"]
[Black "THE_MACHINE"]
[Result "1/2-1/2"]
[ECO "E32"]
[WhiteElo "2465"]
[BlackElo "2555"]
[WhiteEngine "BrainFish 090218_CTG"]
[BlackEngine "BrainFish_180411_x64_bmi2"]
[EventType "Swiss"]
[WhiteTeam ""]
[BlackTeam ""]
[PlyCount "64"]
[TimeControl "720+1"]

1. d4 Nf6 2. c4 e6 3. Nc3 Bb4 4. Qc2 O-O 5. e4 d5 6. e5 Ne4 7. Bd3 c5 
8. Nf3 cxd4 9. Nxd4 Nd7 10. Bf4 Qh4 11. g3 Qh5 12. O-O g5 13. cxd5 Bxc3 
14. bxc3 exd5 15. Bxe4 dxe4 16. e6 gxf4 17. exd7 Bxd7 18. Qxe4 fxg3 19. fxg3 Bh3 
20. Rf3 Rfe8 21. Qxb7 Rab8 22. Qc6 Qg5 23. Qf6 Qd2 24. Qxf7+ Kh8 25. Qf6+ Kg8 
26. Qf7+ Kh8 27. Qf6+ Kg8 28. Ne2 Qxe2 29. Qg5+ Kh8 30. Qf6+ Kg8 31. Qf7+ Kh8 
32. Qf6+ Kg8 1/2-1/2

[Event "Sunday 15 April Rapid Engine Tour, 9 Rd. 12+1, starts 16.00 ST"]
[Site "Infinity Chess"]
[Date "2018.4.15"]
[Round "8"]
[White "ivrdurant"]
[Black "star99"]
[Result "1/2-1/2"]
[ECO "B90"]
[WhiteElo "2380"]
[BlackElo "2422"]
[WhiteEngine "Raubfisch X38b_CTG"]
[BlackEngine "Cryptic Heroes 9.4B"]
[EventType "Swiss"]
[WhiteTeam ""]
[BlackTeam ""]
[PlyCount "113"]
[TimeControl "720+1"]

1. e4 c5 2. Nf3 d6 3. d4 cxd4 4. Nxd4 Nf6 5. Nc3 a6 6. Be3 b6 7. f3 e5 
8. Nde2 Be6 9. g4 d5 10. g5 d4 11. gxf6 dxe3 12. fxg7 Bxg7 13. Qxd8+ Kxd8 
14. Nd5 Bxd5 15. exd5 Nd7 16. Ng3 e4 17. fxe4 Bxb2 18. Rb1 Be5 19. Bd3 b5 
20. Nf5 Rg8 21. Nxe3 Nc5 22. Kd2 f6 23. Rhf1 Ra7 24. Rf5 Re7 25. Rbf1 Nb7 
26. h3 Nd6 27. R5f3 Bb2 28. c3 Nxe4+ 29. Bxe4 Rxe4 30. Kd3 Rh4 31. Kc2 Ba3 
32. Rxf6 Rg6 33. Rxg6 hxg6 34. Rf3 Ra4 35. Rf6 Bc5 36. Ng4 Rxa2+ 37. Kd3 Ra1 
38. Rc6 Rd1+ 39. Ke4 Re1+ 40. Kf3 Ba3 41. Rxa6 Bb2 42. Rd6+ Ke7 43. Rb6 Bxc3 
44. Rxb5 Rf1+ 45. Ke4 g5 46. Rb7+ Kd6 47. Rb6+ Ke7 48. Rb5 Kd6 49. Ne3 Rf4+ 
50. Kd3 Rf3 51. h4 gxh4 52. Ke4 Rf2 53. Nf5+ Kd7 54. Nxh4 Rd2 55. Nf5 Rb2 
56. Rxb2 Bxb2 57. Nd4 1/2-1/2

[Event "Sunday 15 April Rapid Engine Tour, 9 Rd. 12+1, starts 16.00 ST"]
[Site "Infinity Chess"]
[Date "2018.4.15"]
[Round "8"]
[White "Marsell"]
[Black "RonWeasley"]
[Result "1/2-1/2"]
[ECO "C11"]
[WhiteElo "2460"]
[BlackElo "2465"]
[WhiteEngine "BrainFish_180408_x64_bmi2"]
[BlackEngine "BrainFish 090218_CTG"]
[EventType "Swiss"]
[WhiteTeam ""]
[BlackTeam ""]
[PlyCount "92"]
[TimeControl "720+1"]

1. e4 e6 2. d4 d5 3. Nc3 Nf6 4. e5 Nfd7 5. f4 c5 6. Nf3 Nc6 7. Be3 cxd4 
8. Nxd4 Qb6 9. Qd2 Qxb2 10. Rb1 Qa3 11. Bb5 Nxd4 12. Bxd4 a6 13. Bxd7+ Bxd7 
14. Rb3 Qe7 15. Rxb7 Rc8 16. O-O Qd8 17. f5 exf5 18. Qd3 Bc5 19. Bxc5 Rxc5 
20. Nxd5 Bc8 21. Re7+ Kf8 22. Qa3 Qa5 23. Qxa5 Rxa5 24. Rc7 Be6 25. Nf4 Rxe5 
26. Nxe6+ Rxe6 27. Rxf5 Re7 28. Rc8+ Re8 29. Rc7 Re7 30. Rc8+ Re8 31. Rfc5 Ke7 
32. R8c6 g6 33. Kf2 Ra8 34. Rc7+ Kf8 35. Rc8+ Kg7 36. Rxa8 Rxa8 37. a4 Re8 
38. a5 Kf6 39. Rc6+ Re6 40. Rc5 h5 41. c3 Re5 42. Rc6+ Re6 43. Rc5 Re5 
44. Rc6+ Re6 45. Rc7 Re8 46. Rc6+ Re6 1/2-1/2

[Event "Sunday 15 April Rapid Engine Tour, 9 Rd. 12+1, starts 16.00 ST"]
[Site "Infinity Chess"]
[Date "2018.4.15"]
[Round "8"]
[White "hafaba"]
[Black "Time_bandit"]
[Result "1/2-1/2"]
[ECO "D20"]
[WhiteElo "2454"]
[BlackElo "2469"]
[WhiteEngine "Eman 1.70-beta18x 64-bit POPCNT_CTG"]
[BlackEngine "asmFishW_2018-02-02_popcnt"]
[EventType "Swiss"]
[WhiteTeam ""]
[BlackTeam ""]
[PlyCount "112"]
[TimeControl "720+1"]

1. d4 d5 2. c4 dxc4 3. e4 e5 4. Nf3 exd4 5. Bxc4 Nc6 6. O-O Be6 7. Bb5 Bc5 
8. b4 Bb6 9. a4 a6 10. Bxc6+ bxc6 11. Nbd2 Nf6 12. Ne5 Qd6 13. Nd3 Nd7 
14. Nf3 O-O 15. a5 Ba7 16. Bf4 Qe7 17. Rc1 c5 18. Nxc5 Nxc5 19. bxc5 Bxc5 
20. Nxd4 Bd7 21. Nf5 Bxf5 22. exf5 Rfe8 23. h3 Rac8 24. Qa4 Bd6 25. Bxd6 cxd6 
26. Qb4 Qd7 27. Rxc8 Rxc8 28. f6 g6 29. Re1 h5 30. g4 hxg4 31. hxg4 Re8 
32. Rxe8+ Qxe8 33. Qxd6 Qa4 34. Qd5 Qxg4+ 35. Kf1 Qh4 36. Qa8+ Kh7 37. Qxa6 Qh1+ 
38. Ke2 Qe4+ 39. Kd1 Qd4+ 40. Ke1 Qb4+ 41. Kf1 Qd4 42. Qe2 Qd5 43. Qe7 Qxa5 
44. Qxf7+ Kh6 45. f4 Qd2 46. Qg7+ Kh5 47. Qh7+ Kg4 48. f5 g5 49. f7 Qd1+ 
50. Kf2 Qd2+ 51. Kf1 Qd1+ 52. Kf2 Qd5 53. Qh5+ Kxh5 54. f8=Q Qd2+ 55. Kf1 g4 
56. Qh8+ Kg5 1/2-1/2

[Event "Sunday 15 April Rapid Engine Tour, 9 Rd. 12+1, starts 16.00 ST"]
[Site "Infinity Chess"]
[Date "2018.4.15"]
[Round "8"]
[White "Susanne"]
[Black "angriff"]
[Result "1-0"]
[ECO "C53"]
[WhiteElo "2507"]
[BlackElo "2372"]
[WhiteEngine "stockfish_jvv01_x64_bmi2_CTG"]
[BlackEngine "DracoREX 3.07 64BIT POPCNT_CTG"]
[EventType "Swiss"]
[WhiteTeam ""]
[BlackTeam ""]
[PlyCount "177"]
[TimeControl "720+1"]

1. e4 e5 2. Nf3 Nc6 3. Bc4 Bc5 4. c3 Nf6 5. d3 d6 6. O-O O-O 7. Re1 a5 8. Bg5 h6 
9. Bh4 g5 10. Bg3 Ba7 11. Na3 a4 12. b4 g4 13. Nh4 Nh5 14. Qc2 Qf6 15. Rad1 Be6 
16. Qd2 Bb6 17. Rf1 Ne7 18. Bxe6 fxe6 19. Nc4 Ba7 20. b5 d5 21. exd5 Nxg3 
22. hxg3 exd5 23. b6 cxb6 24. Ne3 h5 25. Rb1 Rad8 26. Rb5 Bb8 27. Qc2 d4 
28. cxd4 Rxd4 29. Rfb1 Rc8 30. Qe2 Rc6 31. f3 gxf3 32. Nxf3 Rd8 33. Rf1 Qe6 
34. Nh4 Rf8 35. Rbb1 Qh6 36. Rxf8+ Kxf8 37. Rf1+ Rf6 38. Nef5 Qg5 39. Qe4 Nc6 
40. Qd5 Bd6 41. Kh2 Qg8 42. Qxd6+ Rxd6 43. Nh6+ Kg7 44. N4f5+ Kg6 45. Nxg8 Re6 
46. Ngh6 b5 47. g4 hxg4 48. Nxg4 b4 49. Kg3 a3 50. Nh4+ Kg7 51. Rb1 Re8 
52. Ne3 Rd8 53. Rb3 b5 54. Nf3 Re8 55. Kf2 e4 56. Nf5+ Kh8 57. Nd6 e3+ 
58. Ke2 Rg8 59. Nf7+ Kg7 60. N7g5 Kh6 61. Kxe3 Ne7 62. g4 Rc8 63. Ne6 Rc1 
64. Nf4 Nc6 65. d4 Rc4 66. Rb1 Nd8 67. g5+ Kg7 68. Ne5 Rc2 69. Rxb4 Rb2 
70. Ned3 Rxa2 71. Rxb5 Ra1 72. Ra5 Nc6 73. Ra8 a2 74. d5 Ne7 75. Ke4 Nc8 
76. Rxc8 Re1+ 77. Nxe1 a1=Q 78. Ned3 Qa6 79. Ne6+ Kh7 80. Rc7+ Kh8 81. g6 Kg8 
82. Kf4 Qd6+ 83. Kf5 Qa6 84. Kg5 Qa8 85. Ne5 Qd8+ 86. Nxd8 Kf8 87. d6 Ke8 
88. Rc8 Kf8 89. Ne6# 1-0